cohdb
Replays
Latest Replays
All Replays
Popular Replays
Top Player Replays
Match Explorer
How It Works
Community
CoH3 Stats
Reddit
Sign in to upload your games and track your stats! →
Sign in with Steam
Match 37912283
Unlisted
Match 37912283
Overview
Messages
Build Orders
End
Construct Barracks
Scout Squad
Selects Armored Battlegroup
Selects Veteran Crews
Riflemen Squad
Riflemen Squad
1⁄4-ton 4x4 Truck
Mechanized Support Center
Construct Motor Pool
Selects M31 Recovery Vehicle
M8 Greyhound Armored Car
Designate Forward Repair Station
M8 Greyhound Armored Car
Construct Medical Station
Selects Strength in Steel
Improvised Armor
Construct Tank Depot
Rapid Repairs
Designate Forward Repair Station
Selects War Machine
Grenade Package
Engineer Squad
M1918 Browning Automatic Rifles
Selects Seek and Destroy
Selects UNKNOWN (2160077)
M4A3E8 Sherman Easy Eight
M4A3E8 Sherman Easy Eight
M31 Recovery Vehicle
Seek and Destroy
M4(105) Sherman Bulldozer
Salvage Crew
M1 Anti-tank Gun Team
Riflemen Squad
Born to Coom
(502) Bad Gateway
0
0
Comments
sign in to comment!
No comments posted yet!